AoeStats
← Jeffrey Epstein

Nomad

507360568Analyzed
4v4 RM · 14d ago on Sep 17, 2026· 27m 52s· 8 players
Game mode
Random Map
Map size
231×231
Population
200
Speed
Normal
Resources
Standard
Victory
Conquest
Starting age
Dark Age
Ending age
Imperial Age
RankedLock teamsTeams togetherTeam positionsShared explorationLock speedFull tech treeHidden civsTurbo modeCheats
Victory
Defeat
🇦🇷 Spanish · Argentina
934
+15
🇦🇷 Aztecs · Argentina
916
+39
🇦🇷 Magyars · Argentina
896
+16
🇦🇷 Vietnamese · Argentina
805
+20
🇹🇷 Malay · Türkiye
972
-19
🇨🇳 Vietnamese · China
908
-48
🇵🇪 Maya · Peru
891
-16
🇵🇪 Khmer · Peru
837
-14
Selobate
4:58 Loom
14:55 Feudal Age
15:30 Wheelbarrow
15:26 Double-Bit Axe
17:50 Fishing Lines
19:24 Town Watch
19:32 Man-at-Arms
22:30 Forging
22:16 Gold Mining
22:47 Horse Collar
27:26 Castle Age
25:51 Arson
Atila
9:54 Loom
17:28 Feudal Age
17:55 Double-Bit Axe
18:03 Gold Mining
18:29 Fishing Lines
20:14 Stone Mining
22:06 Town Watch
22:17 Fletching
25:07 Castle Age
26:01 Bodkin Arrow
26:10 Town Patrol
27:51 Wheelbarrow
30:11 Imperial Age
l3141516
4:09 Loom
15:36 Feudal Age
22:42 Castle Age
22:06 Arson
耄耋
16:49 Feudal Age
17:12 Loom
18:11 Double-Bit Axe
18:48 Fishing Lines
Jeffrey Epstein
4:37 Loom
17:26 Feudal Age
18:07 Horse Collar
18:14 Double-Bit Axe
30:24 Castle Age
29:00 Wheelbarrow
28:10 Town Watch
Camalote
4:30 Loom
16:33 Feudal Age
23:56 Castle Age
25:05 Bloodlines
jm_lage
7:31 Loom
16:30 Feudal Age
18:11 Wheelbarrow
19:47 Double-Bit Axe
22:18 Castle Age
20:30 Horse Collar
20:57 Stone Mining
22:14 Bloodlines
26:20 Husbandry
27:14 Fletching
27:30 Gold Mining
fedetiberio
3:44 Loom
19:15 Feudal Age
19:48 Double-Bit Axe
20:40 Town Watch
20:37 Horse Collar
20:51 Gold Mining
20:51 Stone Mining
20:45 Fishing Lines
23:16 Padded Archer Armor
23:06 Fletching
24:13 Wheelbarrow
26:23 Castle Age
27:46 Elite Skirmisher
28:31 Thumb Ring
27:49 Crossbowman
Connection lost

Rejoining the realm…

Still unreachable

The connection could not be restored.

Session expired

The server has moved on; the page needs a fresh start.